 Dungeon Crawl Stone Soup version 0.26-a0-1033-gd598b01645 (webtiles) character file.

Game seed: 4041991422760983808

2474 lunkers the Arsonist (level 9, -2/45 HPs)
             Began as a Deep Elf Fire Elementalist on Dec 10, 2020.
             Was an Initiate of Vehumet.
             Killed by divine providence
             ... invoked by an orc priest
              (11 damage)
             ... on level 7 of the Dungeon.
             The game lasted 00:11:03 (8205 turns).

lunkers the Arsonist (Deep Elf Fire Elementalist)   Turns: 8205, Time: 00:11:04

Health: -2/45      AC:  7    Str:  5    XL:     9   Next: 26%
Magic:  18/22      EV: 13    Int: 24    God:    Vehumet [......]
Gold:   215        SH:  0    Dex: 15    Spells: 13/23 levels left

rFire    + . .     SeeInvis .   a - +7 falchion "Looxuag" {freeze, rF+}
rCold    . . .     Faith    .   (no shield)
rNeg     + . .     Spirit   .   l - +2 robe {rN+}
rPois    .         Reflect  .   e - +0 helmet
rElec    .         Harm     .   (no cloak)
rCorr    .         Rampage  .   s - +1 pair of gloves
Will     .....                  (no boots)
Stlth    ++........             (no amulet)
HPRegen  0.15/turn              (no ring)
MPRegen  0.18/turn              (no ring)

@: marked
A: no striking features
a: Renounce Religion


You were on level 7 of the Dungeon.
You worshipped Vehumet.
Vehumet was noncommittal.
You visited 1 branch of the dungeon, and saw 7 of its levels.

You collected 341 gold pieces.
You spent 126 gold pieces at shops.

Inventory:

Hand Weapons
 a - the +7 falchion "Looxuag" (weapon) {freeze, rF+}
   (You found it on level 5 of the Dungeon)

   It has been specially enchanted to freeze those struck by it, causing extra
   injury to most foes and up to half again as much damage against particularly
   susceptible opponents.
   It can also slow down cold-blooded creatures.
   It protects you from fire.
 k - a +2 falchion of holy wrath
 q - a +2 rapier of protection
Armour
 e - a +0 helmet (worn)
 l - a +2 robe of positive energy (worn)
 s - a +1 pair of gloves (worn)
Jewellery
 n - an uncursed amulet of faith
Wands
 p - a wand of iceblast (5)
 y - a wand of flame (25)
 z - a wand of random effects (20)
 B - a wand of disintegration (12)
Scrolls
 b - 4 scrolls of identify
 c - 3 scrolls of immolation {unknown}
 d - 3 scrolls of blinking {unknown}
 g - 5 scrolls of enchant weapon {unknown}
 i - 3 scrolls of enchant armour {unknown}
 j - 2 scrolls of amnesia {unknown}
 o - 2 scrolls of magic mapping {unknown}
 v - 3 scrolls of remove curse {unknown}
 w - a scroll of noise {unknown}
 A - a scroll of fear {unknown}
Potions
 f - 4 potions of curing
 h - 2 potions of flight
 m - a potion of lignification
 r - 2 potions of berserk rage
 t - 2 potions of might
 u - 2 potions of heal wounds
 x - 2 potions of cancellation {unknown}


   Skills:
 - Level 2.4 Dodging
 - Level 2.4 Stealth
 + Level 7.9 Spellcasting
 * Level 8.7 Conjurations
 * Level 9.3 Fire Magic


You had 13 spell levels left.
You knew the following spells:

 Your Spells              Type           Power        Failure   Level
a - Foxfire               Conj/Fire      ####         1%          1
b - Sticky Flame          Conj/Fire      ######..     1%          4
c - Fireball              Conj/Fire      ######....   4%          5

Your spell library contained the following spells:

 Spells                   Type           Power        Failure   Level
 Conjure Flame            Conj/Fire      ######..     1%          3
 Inner Flame              Hex/Fire       ####....     3%          3


Dungeon Overview and Level Annotations

Branches:
Dungeon (7/15)             Temple (0/1) D:6

Altars:
Ashenzari
Fedhas
Nemelex Xobeh
Ru
Uskayaw
Vehumet
Wu Jian
Xom
Yredelemnul

Shops:
D:5 [


Message History

The hound bites you but does no damage.
A wight comes into view. It is wielding a +4 hand axe.
A wight comes into view. It is wielding a +2 hand axe.
The foxfire hits the hound.
You kill the hound!
Vehumet accepts your kill.
The foxfire hits the orc priest.
The orc priest is moderately wounded.
The orc warrior throws a javelin.
The javelin closely misses you.
You see here a javelin.
The orc warrior throws a javelin.
The javelin pierces through you!
* * * LOW HITPOINT WARNING * * *
You see here a javelin.
The orc priest mumbles some strange prayers to Beogh against you.
Beogh smites you!
* * * LOW HITPOINT WARNING * * *
The adder bites you but does no damage.
The orc priest invokes the aid of Beogh against you.
Beogh smites you!
You die...

#....o..........!...
#.z#†#.#.#.#.#.#.#.#
#..zo......?.....$..
####+#..#.#o#.#.#.#.#.#.#
#.......................
#.......#(#o#.#.#.#.#.#.#
#........................
#.......#.#S#.#)#<#.#.#.#
#####+##.....@..)...?....
##.#.#.#.#.#.#.#.#
#.########....... #.#
.###### #.# .# #.# .# #.#
## #+


You could see an orc warrior, 2 wights, an orc priest and an adder.

Vanquished Creatures
  Pikel (D:6)
  Grinder (D:4)
  Eustachio (D:4)
  Edmund (D:5)
  An ice beast (D:5)
  A phantom (D:6)
  2 ogres (D:7)
  A centaur (D:6)
  2 bullfrogs (D:6)
  A scorpion (D:4)
  5 wights (D:6)
  2 hounds
  6 orc wizards
  4 orc priests
  4 worker ants
  A howler monkey zombie (D:5)
  13 adders
  7 gnolls
  2 white imps (D:5)
  An ooze (D:2)
  3 worms (D:3)
  5 dart slugs
  4 leopard geckos
  21 orcs
  2 giant cockroaches
  10 goblins
  3 hobgoblins
  5 jackals
  4 quokkas (D:5)
  2 ball pythons
  7 bats
  6 frilled lizards
  A kobold (D:2)
  A quokka skeleton (D:4)
  4 rats
135 creatures vanquished.

Vanquished Creatures (collateral kills)
  6 foxfires
6 creatures vanquished.

Vanquished Creatures (others)
  788 foxfires
788 creatures vanquished.

Grand Total: 929 creatures vanquished

Notes
Turn   | Place    | Note
-------+----------+-------------------------------------------
     0 | D:1      | lunkers the Deep Elf Fire Elementalist began the quest for
                  | the Orb.
     0 | D:1      | Reached XP level 1. HP: 10/10 MP: 6/6
   324 | D:1      | You fall into a shaft and drop 1 floor!
   333 | D:2      | Reached XP level 2. HP: 15/15 MP: 5/8
   367 | D:2      | Found an ornate altar of the Wu Jian Council.
   441 | D:2      | Reached XP level 3. HP: 19/19 MP: 2/9
   540 | D:2      | Reached skill level 4 in Fire Magic
  1743 | D:2      | Reached XP level 4. HP: 24/24 MP: 5/11
  2408 | D:3      | Reached XP level 5. HP: 13/28 MP: 5/13
  2490 | D:3      | Learned a level 4 spell: Sticky Flame
  2776 | D:3      | Reached skill level 5 in Fire Magic
  3646 | D:4      | Noticed a +0 hand axe
  3647 | D:4      | Noticed a +0 dagger
  3693 | D:4      | Found a hide-covered altar of Uskayaw.
  4008 | D:4      | Reached XP level 6. HP: 32/32 MP: 9/14
  4014 | D:4      | Learned a level 5 spell: Fireball
  4134 | D:4      | Noticed Grinder
  4143 | D:4      | Killed Grinder
  4144 | D:4      | Reached skill level 5 in Spellcasting
  4144 | D:4      | Reached skill level 5 in Conjurations
  4144 | D:4      | Reached skill level 6 in Fire Magic
  4144 | D:4      | Reached XP level 7. HP: 35/36 MP: 7/16
  4374 | D:4      | Noticed Eustachio
  4386 | D:4      | Killed Eustachio
  5381 | D:5      | Entered Level 5 of the Dungeon
  5521 | D:5      | Reached skill level 7 in Fire Magic
  6023 | D:5      | Reached XP level 8. HP: 41/41 MP: 15/19
  6058 | D:5      | Noticed Edmund
  6068 | D:5      | Killed Edmund
  6222 | D:5      | Found Dogran's Armour Emporium.
  6230 | D:5      | Bought a +1 pair of gloves for 126 gold pieces
  6613 | D:5      | Found a sparkling altar of Nemelex Xobeh.
  6613 | D:5      | Found a blossoming altar of Fedhas.
  6616 | D:5      | Found a broken altar of Ashenzari.
  6632 | D:5      | Got a polished falchion
  6633 | D:5      | Identified the +7 falchion "Looxuag" {freeze, rF+} (You
                  | found it on level 5 of the Dungeon)
  6698 | D:6      | Found a shimmering altar of Xom.
  6699 | D:6      | Found a basalt altar of Yredelemnul.
  6699 | D:6      | Found a sacrificial altar of Ru.
  6703 | D:6      | Found a radiant altar of Vehumet.
  6711 | D:6      | Became a worshipper of Vehumet
  6797 | D:6      | Reached skill level 8 in Fire Magic
  7019 | D:6      | Found a blossoming altar of Fedhas.
  7797 | D:6      | Noticed Pikel
  7814 | D:6      | Killed Pikel
  7815 | D:6      | Reached skill level 9 in Fire Magic
  7815 | D:6      | Reached XP level 9. HP: 37/45 MP: 4/22
  7987 | D:6      | Found a staircase to the Ecumenical Temple.
  8205 | D:7      | Killed from afar by an orc priest

Illustrated notes

Levels and vault maps discovered:
D:1:      dpeg_arrival_short_road, layout_basic
D:2:      layout_basic, old_standard_altar
D:3:      layout_rooms, minmay_ruptured
D:4:      layout_basic, dancing_weapons_uskayaw, guppyfry_early_lair_pool,
          uniq_eustachio, uniq_grinder
D:5:      layout_gridville, minitemple, serial_shops, shop, uniq_edmund
D:6:      layout_basic, chequers_temple_overflow_statue_of_worship, temple_hall,
          fedhas_bush_and_centaur_altar, uniq_pikel
D:7:      layout_basic, st_stairs_11

Skill      XL: |  1  2  3  4  5  6  7  8 |
---------------+-------------------------+-----
Conjurations   | 2 3 4 5 6 8 |  8.7
Fire Magic     | 4 5 6 7 9 |  9.3
Spellcasting   | 4 5 6 7 |  7.9
Dodging        | |  2.4
Stealth        | |  2.4

Action                   |  1- 3 |  4- 6 |  7- 9 || total
-------------------------+-------+-------+-------++-------
Melee: Falchion          |       |    16 |    35 ||    51
 Cast: Foxfire           |    96 |   147 |   219 ||   462
       Sticky Flame      |       |     1 |     8 ||     9
  Use: Scroll            |       |     2 |     4 ||     6
Armor: Robe              |     6 |     5 |    23 ||    34
Dodge: Dodged            |    16 |    34 |    67 ||   117
       Rpst.: Falchion   |       |    10 |    21 ||    31

Table legend: (Time is in decaauts)
 A = Elapsed time spent in this place.
 B = Non-inter-level travel time spent in this place.
 C = Inter-level travel time spent in this place.
 D = Time resting spent in this place.
 E = Time spent auto-exploring this place.
 F = Levels seen in this place.
 G = Mean time per level.
                   A        B        C        D        E       F      G
               +--------+--------+--------+--------+--------+-----+--------+
         Total |   8219 |   8028 |    191 |    317 |   6607 |   7 | 1174.1 |
       Dungeon |   8219 |   8028 |    191 |    317 |   6607 |   7 | 1174.1 |
               +--------+--------+--------+--------+--------+-----+--------+

Top non-repeatable levels by time:
     D:4: 1824 daAuts
     D:3: 1547 daAuts
     D:6: 1454 daAuts
     D:5: 1272 daAuts
     D:1: 1215 daAuts
     D:2: 801 daAuts
     D:7: 104 daAuts
